 Dungeon Crawl Stone Soup version 0.23-a0-143-g1adec7b (webtiles) character file.

163 iamserjio the Caller (level 5, -4/35 HPs)
             Began as an Octopode Summoner on Sept 2, 2018.
             Slain by a phantom (9 damage)
             ... on level 4 of the Dungeon.
             The game lasted 00:06:59 (3088 turns).

iamserjio the Caller (Octopode Summoner)            Turns: 3088, Time: 00:07:00

Health: -4/35      AC:  3    Str:  7    XL:     5   Next: 44%
Magic:  5/8        EV: 13    Int: 19    God:
Gold:   117        SH:  0    Dex: 12    Spells: 4/8 levels left

rFire    . . .     SeeInvis .     - Unarmed
rCold    . . .     Gourm    .   (no shield)
rNeg     . . .     Faith    .   c - +2 hat
rPois    .         Spirit   .   (no amulet)
rElec    .         Reflect  .   (no ring)
rCorr    .         Harm     .   (no ring)
MR       .....                  (no ring)
Stlth    +++.......             (no ring)
HPRegen  0.11/turn              (no ring)
MPRegen  0.11/turn              (no ring)
                                (no ring)
                                (no ring)

@: no status effects
A: almost no armour, stealthy swim, amphibious, 8 rings, constrict 8, camouflage
1, gelatinous body 1
a: no special abilities


You were on level 4 of the Dungeon.
You were not hungry.

You visited 1 branch of the dungeon, and saw 4 of its levels.

You collected 117 gold pieces.

Inventory:

Missiles
 a - 53 arrows
Armour
 c - a +2 hat (worn)
 g - a +0 large shield
Wands
 h - a wand of random effects (28)
Scrolls
 e - 2 scrolls of identify {unknown}
 k - 2 scrolls of blinking {unknown}
 l - a scroll of noise {unknown}
 m - a scroll of remove curse {unknown}
Potions
 d - 2 potions of might {unknown}
 f - 2 potions of berserk rage {unknown}
 i - a potion of haste
 j - 2 potions of mutation {unknown}
 n - a potion of resistance {unknown}
 p - a potion of ambrosia {unknown}
Comestibles
 b - 2 rations
 o - a chunk of flesh


   Skills:
 + Level 2.6 Fighting
 - Level 2.0 Dodging
 - Level 2.6 Stealth
 * Level 4.0 Unarmed Combat
 - Level 2.0 Spellcasting
 - Level 4.0 Summonings


You had 4 spell levels left.
You knew the following spells:

 Your Spells              Type           Power        Failure   Level  Hunger
a - Summon Small Mammal   Summ           ###.         3%          1    #......
b - Call Canine Familiar  Summ           ###.....     10%         3    ###....

Your spell library contained the following spells:

 Spells                   Type           Power        Failure   Level  Hunger
 Call Imp                 Summ           ###.....     4%          2    ###....
 Summon Guardian Golem    Hex/Summ       #.......     22%         3    ###....
 Summon Ice Beast         Ice/Summ       #.......     58%         4    #####..
 Summon Lightning Spire   Summ/Air       #.......     58%         4    #####..


Dungeon Overview and Level Annotations

Branches:
Dungeon (4/15)
 Temple: D:4-7

Altars:


Innate Abilities, Weirdness & Mutations

You cannot wear most types of armour.
You are very stealthy in the water. (Stealth+)
You are amphibious.
You can wear up to eight rings at the same time.
You can use your tentacles to constrict eight enemies at once.
Your skin changes colour to match your surroundings (Stealth+).
Your rubbery body absorbs attacks. (AC +1, EV +1)


Message History

The puff of frost misses the phantom.
Casting: Call Canine Familiar (safe; 10% risk of failure)
Confirm with . or Enter, or press ? or * to list all spells.
You swap places.
Your hound bites the phantom.
Okay, then.
Your hound bites the phantom.
Your hound closely misses the phantom.
Okay, then.
Okay, then.
You closely miss the phantom.
The phantom is almost destroyed.
Your hound barely misses the phantom.
The phantom barely misses you.
You barely miss the phantom. You squeeze the phantom.
The phantom is almost destroyed.
Your hound bites the phantom but does no damage.
The phantom hits your hound but does no damage.
Your hound bites the phantom but does no damage.
You barely miss the phantom.
The phantom is almost destroyed.
The phantom hits you!
You die...

#.# ###... ....#
#..# #.## ######
#..####.>..##
#..........<## #
#......####..#####
#@Wh..## ##......
#.....# ###...#
#...?## ##.##
#....# #....
##..## #..... ####
#..### ..# #..


You could see a phantom and a friendly hound.

Vanquished Creatures
  A worker ant zombie (D:3)
  3 adders
  A worm (D:3)
  2 leopard geckos
  3 orcs (D:3)
  5 bats
  7 giant cockroaches
  5 hobgoblins
  2 jackals (D:3)
  13 kobolds
  3 quokkas
  A ball python (D:3)
  2 frilled lizards
  15 goblins
  8 rats
71 creatures vanquished.

Vanquished Creatures (collateral kills)
  A worker ant (D:4)
  Robin (D:2)
  2 adders (D:3)
  2 goblins (D:2)
  3 hobgoblins
  A jackal (D:3)
  A bat (D:2)
11 creatures vanquished.

Grand Total: 82 creatures vanquished

Notes
Turn   | Place    | Note
-------+----------+-------------------------------------------
     0 | D:1      | iamserjio the Octopode Summoner began the quest for the
                  | Orb.
     0 | D:1      | Reached XP level 1. HP: 11/11 MP: 3/3
   398 | D:1      | Reached skill level 1 in Unarmed Combat
   444 | D:1      | Reached XP level 2. HP: 14/18 MP: 5/5
   717 | D:1      | Reached skill level 1 in Fighting
  1037 | D:1      | Reached XP level 3. HP: 23/23 MP: 6/6
  1214 | D:2      | Learned a level 3 spell: Call Canine Familiar
  1307 | D:2      | Noticed Robin
  1351 | D:2      | Killed Robin
  1486 | D:2      | Reached XP level 4. HP: 27/29 MP: 4/7
  2523 | D:3      | Reached XP level 5. HP: 27/34 MP: 8/8
  3044 | D:4      | Noticed a phantom
  3088 | D:4      | Slain by a phantom

Vault maps used:
D:1:      dpeg_arrival_long_road, minmay_misc_feat_pillars,
          minmay_tiny_reverse_x
D:2:      item_on_display_a, uniq_robin
D:4:      first_ration, kennysheep_generic_room_7

Skill      XL: |  1  2  3  4  5 |
---------------+----------------+-----
Unarmed Combat | 1 2 3 4 |  4.0
Fighting       | 1 2 |  2.6
Dodging        | |  2.0
Stealth        | |  2.6
Spellcasting   | |  2.0
Summonings     | |  4.0

Action                   |  1- 3 |  4- 6 || total
-------------------------+-------+-------++-------
Melee: Unarmed           |   104 |   121 ||   225
       Constrict         |    30 |    30 ||    60
       Tentacles         |    20 |    14 ||    34
       Punch             |     1 |     2 ||     3
 Cast: Call Canine Famil |     2 |     7 ||     9
Evoke: Wand              |       |     3 ||     3
 Stab: Sleeping          |     7 |     8 ||    15
  Eat: Chunk             |     2 |     6 ||     8
Armor: Skin              |    23 |    20 ||    43
Dodge: Dodged            |    77 |    62 ||   139

Table legend:
 A = Non-vault XP
 B = Vault XP
 C = Vault XP percentage of total XP
 D = Non-vault monster count
 E = Vault monster count
 F = Vault count percentage of total count
                 A         B        C        D         E       F
            +---------+---------+-------+---------+---------+-------
      Total |     204 |      30 |  12.8 |      68 |      14 |  17.1
            +---------+---------+-------+---------+---------+-------
        D:1 |      31 |       3 |   8.8 |      20 |       2 |   9.1
        D:2 |      37 |      27 |  42.2 |      15 |      12 |  44.4
        D:3 |     109 |       0 |   0.0 |      32 |       0 |   0.0
        D:4 |      27 |       0 |   0.0 |       1 |       0 |   0.0
            +---------+---------+-------+---------+---------+-------
